 Dungeon Crawl Stone Soup version 0.28.0-1-gb440e238dd (webtiles) character file.

Game seed: 9335741790537180133

56527 Kaptain the Geomancer (level 14, -3/92 HPs)
             Began as a Gargoyle Earth Elementalist on Feb 26, 2022.
             Slain by a seven-headed hydra (6 damage)
             ... on level 6 of the Lair of Beasts.
             The game lasted 01:06:50 (22636 turns).

Kaptain the Geomancer (GrEE)                       Turns: 22636, Time: 01:06:50

Health: -3/92      AC: 35    Str: 13    XL:     14   Next: 82%
Magic:  3/28       EV: 12    Int: 24    God:
Gold:   705        SH:  0    Dex: 17    Spells: 19/33 levels left

rFire   + . .      SeeInvis .   r - +7 rapier of the Tomato {speed, *Rage rN+ Will+ Int+4}
rCold   . . .      Faith    .   (no shield)
rNeg    + + .      Spirit   .   E - +5 scale mail of the Curious Tusks {Rampage +Blink Dex+7}
rPois   ∞          Reflect  .   L - +1 helmet
rElec   +          Harm     .   F - +2 cloak {rF+}
rCorr   .          Rampage  +   (no gloves)
Will    ++...      Rage     20% t - +1 pair of boots
Stlth   +++.......              D - amulet of magic regeneration
HPRegen 0.25/turn               o - ring of wizardry
MPRegen 0.61/turn               q - +4 ring of protection

@: on berserk cooldown, flying, slowed, very slow
A: sickness immunity, AC +10, big wings, negative energy resistance 1,
electricity resistance, torment resistance 1, petrification resistance
a: Evoke Blink


You were on level 6 of the Lair of Beasts.
You visited 3 branches of the dungeon, and saw 18 of its levels.
You also visited: Ossuary and Volcano.

You collected 1137 gold pieces.
You spent 432 gold pieces at shops.

Inventory:

Hand Weapons
 l - a +0 hunting sling
 r - the +7 rapier of the Tomato (weapon) {speed, *Rage rN+ Will+ Int+4}
   (You found it on level 7 of the Dungeon)

   Attacks with this weapon are significantly faster.
   Int:       It affects your intelligence (+4).
   rN:        It protects you from negative energy.
   *Rage:     It berserks you when you make melee attacks (+20% chance).
   Will:      It increases your willpower.
 x - a +3 hand axe of electrocution
 M - a +2 broad axe of flaming
Missiles
 c - 519 stones
 e - 4 silver javelins
 C - 101 sling bullets
Armour
 m - the -1 pair of gloves "Xanekk" {Fly Int+4 Stlth+}
   (You found it on level 6 of the Lair of Beasts)

   Int:       It affects your intelligence (+4).
   Fly:       It grants you flight.
   Stlth:     It makes you more stealthy.
 t - a +1 pair of boots (worn)
 E - the +5 scale mail of the Curious Tusks (worn) {Rampage +Blink Dex+7}
   (You found it on level 9 of the Dungeon)

   Dex:       It affects your dexterity (+7).
   +Blink:    It lets you blink.
   Rampage:   It bestows one free step when moving towards enemies.
 F - a +2 cloak of fire resistance (worn)
 L - a +1 helmet (worn)
 P - a +1 plate armour of fire resistance
 W - an orb of light
Magical Staves
 G - a staff of cold
 H - a staff of earth
Jewellery
 o - a ring of wizardry (left hand)
 q - a +4 ring of protection (right hand)
 y - a ring of positive energy
 z - an amulet of regeneration
 D - an amulet of magic regeneration (around neck)
 S - a ring of resist corrosion
 Y - a ring of magical power
Wands
 a - a wand of flame (42)
 b - a wand of acid (5)
 A - a wand of paralysis (2)
 K - a wand of mindburst (11)
 T - a wand of digging (2)
Scrolls
 d - 2 scrolls of enchant weapon
 h - 2 scrolls of fog
 n - 3 scrolls of enchant armour
 p - 10 scrolls of teleportation
 u - 2 scrolls of magic mapping
 v - 15 scrolls of identify
 w - a scroll of summoning {unknown}
 J - 2 scrolls of immolation
 R - a scroll of blinking
 X - a scroll of amnesia
Potions
 g - 3 potions of flight
 i - 3 potions of might
 j - a potion of cancellation {unknown}
 k - a potion of invisibility
 s - 4 potions of resistance
 B - 4 potions of mutation
 I - 3 potions of heal wounds
 N - 2 potions of haste
 O - a potion of magic {unknown}
 U - 2 potions of brilliance {unknown}
 V - a potion of lignification {unknown}
Miscellaneous
 f - a phantom mirror
 Q - a condenser vane
 Z - a tin of tremorstones (2/2)


   Skills:
 * Level 12.1 Fighting
 + Level 8.4 Armour
 + Level 6.7 Dodging
 + Level 9.8 Stealth
 * Level 10.4 Spellcasting
 * Level 12.1 Conjurations
 - Level 0.7 Transmutations
 * Level 13.8 Earth Magic


You had 19 spell levels left.
You knew the following spells:

 Your Spells              Type           Power      Damage    Failure   Level
a - Sandblast             Erth           100%       2d20      1%          1
b - Stone Arrow           Conj/Erth      100%       3d13      1%          3
c - Lee's Rapid Deconstr  Erth           34%        3d18*     1%          5
d - Iskenderun's Battles  Conj           63%        2d11      1%          5

Your spell library contained the following spells:

 Spells                   Type           Power      Damage    Failure   Level
 Foxfire                  Conj/Fire      100%       2x1d9     1%          1
 Shock                    Conj/Air       100%       1d9       1%          1
 Passwall                 Tmut/Erth      39%        N/A       1%          2
 Conjure Flame            Conj/Fire      41%        6-21      1%          3
 Dazzling Flash           Conj/Hex       82%        N/A       1%          3
 Leda's Liquefaction      Hex/Erth       22%        N/A       4%          4
 Petrify                  Tmut/Erth      47%        N/A       4%          4
 Sting                    Tmut/Pois      56%        1d5       6%          1
 Flame Wave               Conj/Fire      41%        2d9       6%          4
 Fulminant Prism          Conj/Hex       20%        3d13      6%          4
 Poisonous Vapours        Pois/Air       24%        N/A       12%         2
 Call Canine Familiar     Summ           12%        N/A       22%         3
 Gell's Gravitas          Tloc           12%        N/A       22%         3
 Inner Flame              Hex/Fire       12%        N/A       22%         3
 Portal Projectile        Hex/Tloc       24%        N/A       22%         3
 Teleport Other           Tloc           12%        N/A       22%         3
 Tukima's Dance           Hex            12%        N/A       22%         3
 Vampiric Draining        Necr           12%        2d6       22%         3
 Freezing Cloud           Conj/Ice/Air   16%        6-21      34%         5
 Anguish                  Hex/Necr       6%         N/A       56%         4
 Cause Fear               Hex            6%         N/A       56%         4
 Dispel Undead            Necr           12%        3d9       56%         4
 Olgreb's Toxic Radiance  Pois           12%        N/A       56%         4
 Blade Hands              Tmut           8%         N/A       80%         5
 Excruciating Wounds      Necr           6%         N/A       87%         5
 Summon Forest            Summ/Tloc      6%         N/A       87%         5
 Summon Mana Viper        Hex/Summ       12%        N/A       87%         5
 Dispersal                Tloc           6%         N/A       100%        6
 Summon Cactus Giant      Summ           6%         N/A       100%        6
 Dragon Form              Tmut           8%         N/A       100%        7
 Enfeeble                 Hex            6%         N/A       100%        7
 Haunt                    Necr/Summ      6%         N/A       100%        7
 Dragon's Call            Summ           6%         N/A       100%        9
 Statue Form              Tmut/Erth      Unusable   N/A       N/A         6

Dungeon Overview and Level Annotations

Branches:
Dungeon (11/15)            Temple (1/1) D:6            Lair (6/6) D:11
  Swamp (0/4) Lair:3       Spider (0/4) Lair:3        Slime (0/5) Lair:6
    Orc (0/2) D:10        Ossuary (visited)         Volcano (visited)

Altars:
Ashenzari
Cheibriados
Dithmenos
Elyvilon
Fedhas
Gozag
Hepliaklqana
Kikubaaqudgha
Makhleb
Nemelex Xobeh
Okawaru
Qazlal
Ru
Sif Muna
Trog
Vehumet
Wu Jian
Xom
Yredelemnul
Zin
The Shining One
Jiyva

Shops:
D:1 *   D:5 *   D:8 :   D:9 (   D:10 =

Annotations:
D:7 2 runed translucent doors
D:11 3 runed translucent doors, ciphuk's ghost, journeyman TeHu


Innate Abilities, Weirdness & Mutations

You are immune to sickness and miasma.
Your stone body is resilient. (AC +10)
You are immune to poison.
Your large and strong wings let you fly.
You resist negative energy. (rN+)
You are resistant to electric shocks. (rElec)
You are resistant to unholy torment.
You are immune to petrification.


Message History

Confirm with . or Enter, or press ? or * to list all spells.
Aiming: Stone Arrow (safe; 1% risk of failure)
Press: ? - help, Shift-Dir - straight line, f/p - cyan ugly thing
Aim: a cyan ugly thing (moderately wounded, ally target, 78% to hit)
The stone arrow hits the cyan ugly thing!
The cyan ugly thing is heavily wounded.
The seven-headed hydra barely misses you.
The seven-headed hydra bites you but does no damage.
The seven-headed hydra completely misses you.
The seven-headed hydra bites you! The seven-headed hydra bites you.
The seven-headed hydra bites you but does no damage.
The seven-headed hydra closely misses you.
The cyan ugly thing headbutts you but does no damage.
The seven-headed hydra barely misses you.
The seven-headed hydra bites you but does no damage.
The seven-headed hydra closely misses you.
The seven-headed hydra bites you but does no damage.
The seven-headed hydra misses you.
The seven-headed hydra bites you but does no damage. x2
Unknown command.
Okay, then.
The cyan ugly thing closely misses you.
You barely miss the cyan ugly thing.
The cyan ugly thing is heavily wounded.
The seven-headed hydra bites you.
* * * LOW HITPOINT WARNING * * *
The seven-headed hydra bites you!
* * * LOW HITPOINT WARNING * * *
The seven-headed hydra bites you but does no damage. x4
The seven-headed hydra closely misses you.
The cyan ugly thing barely misses you.
The seven-headed hydra bites you but does no damage.
The seven-headed hydra barely misses you.
The seven-headed hydra bites you!
* * * LOW HITPOINT WARNING * * *
The seven-headed hydra bites you but does no damage.
The seven-headed hydra closely misses you.
The seven-headed hydra bites you but does no damage.
The seven-headed hydra bites you.
You die...

#..)..##.......P
♣♣♣♣♣♣
♣#.............# ♣
♣....♣♣♣
♣...#....#...## ♣♣
♣♣♣♣...))♣
♣♣♣..#.###..## .♣
♣♣..÷.♣♣..♣♣♣
♣#....##..# ♣♣
♣...÷.u.....♣♣♣
#♣#...#..##
♣.÷♣♣♣...♣♣.x.♣♣
♣#....†...# $..
♣♣♣♣♣♣♣uD.♣
♣.....P..## . ♣@.♣♣
♣♣.......## ♣♣*.♣♣
#..^.....# ♣♣♣ ♣♣..♣
♣#..#.†..## ♣♣
♣♣♣♣.♣♣♣♣ ♣♣..♣
##♣.#....#
.♣♣♣♣♣♣.......♣♣♣..♣♣
♣.#....P
....♣♣...♣♣.......♣♣
♣#......
.......♣♣♣♣♣.♣♣..♣♣
#..##.# ♣......♣♣♣
♣♣♣♣♣..♣♣♣♣♣ ##..####
♣♣....)..♣♣
♣♣♣.......♣ ♣.###


You could see a seven-headed hydra, a cyan ugly thing, an ancient zyme (ally
target) and a friendly battlesphere.

Vanquished Creatures
  A red draconian (Volcano)
  9 hydras
  A catoblepas (Lair:6)
  3 boulder beetles
  2 centaur warriors
  2 thrashing horrors (Lair:6)
  2 oklob plants (D:11)
  2 ugly things
  2 manticores (D:8)
  5 elephants (Lair:3)
  A smoke demon (Lair:6)
  6 black mambas
  A gargoyle (D:8)
  A torpor snail (Lair:5)
  An unseen horror (shapeshifter) (D:8)
  21 cane toads
  3 rime drakes
  6 komodo dragons
  A kobold demonologist (D:9)
  An unseen horror (D:11)
  4 yaktaurs (Volcano)
  An ancient zyme (Lair:6)
  3 polar bears (Lair:5)
  A tyrant leech (Lair:3)
  A troll (D:10)
  32 blink frogs
  A slime creature (D:8)
  A hornet (D:9)
  5 dream sheep (Lair:5)
  4 large abominations (Lair:6)
  Sigmund (D:6)
  2 culicivoras (Lair:3)
  A shadow (D:11)
  A spriggan (Lair:6)
  3 ynoxinuls (Lair:6)
  A wraith (D:11)
  5 wyverns
  33 yaks
  8 basilisks
  3 steam dragons
  A chaos spawn (Lair:6)
  2 vampire mosquitoes (D:10)
  Edmund (D:6)
  Menkaure (D:6)
  An acid dragon (shapeshifter) (Lair:6)
  2 swamp worms (Lair:3)
  2 acid dragons (D:11)
  2 hell hounds (Lair:2)
  9 water moccasins
  2 sky beasts
  2 orc warriors
  2 ice beasts
  3 necrophages
  14 wolves
  12 centaurs
  8 ogres
  3 phantoms (D:4)
  14 small abominations (Lair:6)
  5 kobold brigands
  Blork the orc (D:4)
  An elf zombie (Ossuary)
  8 bullfrogs
  A scorpion (D:7)
  2 gnoll sergeants (D:10)
  9 killer bees
  7 howler monkeys
  2 bullfrog zombies
  3 human zombies (Ossuary)
  2 hounds
  6 centaur zombies
  A centaur skeleton (D:5)
  4 orc priests
  2 bullfrog skeletons
  4 iguanas
  8 orc wizards
  A scorpion zombie (D:5)
  Natasha (twice) (D:4)
  A killer bee zombie (D:9)
  A hound zombie (Ossuary)
  4 mummies
  A howler monkey zombie (D:4)
  12 gnolls
  4 adders
  2 shadow imps (D:6)
  3 adder zombies (Ossuary)
  2 adder skeletons (D:4)
  3 dart slugs
  47 orcs
  4 ball pythons
  8 endoplasms
  2 giant cockroaches
  3 gnoll zombies (Ossuary)
  10 goblins
  6 hobgoblins
  10 jackals
  7 kobolds
  4 quokkas
  10 bats
  5 frilled lizards
  3 goblin zombies (Ossuary)
  5 hobgoblin zombies (Ossuary)
  4 jackal zombies (Ossuary)
  2 kobold zombies (Ossuary)
  3 orc zombies (Ossuary)
  6 quokka zombies (Ossuary)
  2 rats
  2 rat zombies (Ossuary)
508 creatures vanquished.

Vanquished Creatures (others)
  A bush (Lair:2)
  48 fungi
  44 plants
93 creatures vanquished.

Grand Total: 601 creatures vanquished

Notes
Turn   | Place    | Note
-------+----------+-------------------------------------------
     0 | D:1      | Kaptain the Gargoyle Earth Elementalist began the quest for
                  | the Orb.
     0 | D:1      | Reached XP level 1. HP: 10/10 MP: 3/3
   230 | D:1      | Reached XP level 2. HP: 16/16 MP: 3/5
   398 | D:1      | Reached skill level 1 in Conjurations
   689 | D:1      | Reached skill level 4 in Earth Magic
   689 | D:1      | Reached XP level 3. HP: 17/20 MP: 2/6
   690 | D:1      | Reached skill level 1 in Fighting
   738 | D:1      | Learned a level 3 spell: Stone Arrow
   916 | D:1      | Found Buapp's Assorted Antiques.
  1724 | D:2      | Found a faded altar of an unknown god.
  1919 | D:2      | Got the Guide on Sinister Secrets and Air
  2094 | D:2      | Reached XP level 4. HP: 25/25 MP: 7/7
  2828 | D:4      | Noticed a phantom
  2852 | D:4      | Killed a phantom
  2853 | D:4      | Reached XP level 5. HP: 27/30 MP: 0/9
  2863 | D:4      | Reached skill level 1 in Armour
  3046 | D:4      | Noticed an ogre
  3050 | D:4      | Noticed Blork the orc
  3142 | D:4      | Found a shadowy altar of Dithmenos.
  3149 | D:4      | Found a broken altar of Ashenzari.
  3152 | D:4      | Found a radiant altar of Vehumet.
  3152 | D:4      | Found a sparkling altar of Nemelex Xobeh.
  3159 | D:4      | Found a white marble altar of Elyvilon.
  3184 | D:4      | Noticed Natasha
  3191 | D:4      | Killed Natasha
  3192 | D:4      | Reached XP level 6. HP: 29/35 MP: 4/10
  3193 | D:4      | Reached skill level 5 in Earth Magic
  3231 | D:4      | Killed Blork the orc
  3854 | D:4      | Reached XP level 7. HP: 14/40 MP: 1/12
  4570 | D:5      | Entered Level 5 of the Dungeon
  4734 | D:4      | Noticed Natasha
  4736 | D:4      | Killed Natasha
  4772 | D:5      | Reached skill level 6 in Earth Magic
  4772 | D:5      | Reached XP level 8. HP: 40/48 MP: 13/13
  4988 | D:5      | Found a sand-covered staircase.
  5000 | Ossuary  | Entered an ossuary
  5866 | D:5      | Found Torradyl's Tempting Trifles.
  6268 | D:5      | Reached skill level 7 in Earth Magic
  6268 | D:5      | Reached XP level 9. HP: 53/53 MP: 9/16
  6541 | D:5      | Reached skill level 5 in Conjurations
  6753 | D:6      | Noticed Menkaure
  6758 | D:6      | Killed Menkaure
  6759 | D:6      | Reached skill level 5 in Fighting
  6851 | D:6      | Reached skill level 5 in Spellcasting
  6959 | D:6      | Noticed Sigmund
  6979 | D:6      | Killed Sigmund
  7112 | D:6      | Noticed Edmund
  7126 | D:6      | Killed Edmund
  7248 | D:6      | Reached skill level 5 in Stealth
  7313 | D:6      | Found a staircase to the Ecumenical Temple.
  7430 | Temple   | Entered the Ecumenical Temple
  7681 | D:6      | Found an ornate altar of the Wu Jian Council.
  7688 | D:6      | Found a burning altar of Makhleb.
  8361 | D:7      | Identified the +7 rapier of the Tomato {speed, *Rage rN+
                  | Will+ Int+4}
  8365 | D:7      | Found a glowing silver altar of Zin.
  8428 | D:7      | Reached skill level 8 in Earth Magic
  8713 | D:7      | Found a large runed translucent door.
  8713 | D:7      | Found a large runed translucent door.
  8973 | D:7      | Found an opulent altar of Gozag.
  9266 | D:8      | Reached XP level 10. HP: 60/60 MP: 11/18
  9278 | D:8      | Killed an unseen horror
  9325 | D:8      | Noticed a manticore
  9396 | D:8      | Noticed a boulder beetle
  9403 | D:8      | Killed a manticore
  9638 | D:8      | Noticed a gargoyle
  9641 | D:8      | Killed a gargoyle
  9819 | D:8      | Found a snail-covered altar of Cheibriados.
 10011 | D:8      | Noticed a manticore
 10028 | D:8      | Killed a manticore
 10148 | D:8      | HP: 2/61 [boulder beetle (10)]
 10527 | D:8      | Noticed a tengu warrior
 10628 | D:7      | HP: 1/61 [tengu warrior (18)]
 11474 | D:8      | Killed a boulder beetle
 11475 | D:8      | Reached skill level 9 in Earth Magic
 11604 | D:8      | Noticed a red ugly thing
 11608 | D:8      | Noticed a red ugly thing
 11623 | D:7      | Killed a red ugly thing
 11758 | D:8      | Killed a cyan ugly thing
 11759 | D:8      | Reached skill level 5 in Armour
 11759 | D:8      | Reached XP level 11. HP: 67/67 MP: 2/21
 11981 | D:8      | Found Biufodd's Book Shoppe.
 12003 | D:8      | Bought a book of the Earth for 432 gold pieces
 12009 | D:8      | Learned a level 5 spell: Lee's Rapid Deconstruction
 12296 | D:9      | Found Wumol's Antique Weapon Shoppe.
 13147 | D:9      | Identified the +5 scale mail of the Curious Tusks {Rampage
                  | +Blink Dex+7}
 13226 | D:10     | Entered Level 10 of the Dungeon
 13500 | D:10     | Found Hotraes's Jewellery Shop.
 13502 | D:10     | Found a bloodstained altar of Trog.
 13790 | D:10     | Found a staircase to the Orcish Mines.
 13794 | D:10     | Reached skill level 10 in Earth Magic
 14469 | D:11     | Noticed an oklob plant
 14469 | D:11     | Noticed an oklob plant
 14481 | D:11     | Found a staircase to the Lair.
 14583 | D:11     | Killed an oklob plant
 14860 | D:11     | Killed an oklob plant
 14959 | D:11     | Noticed a centaur warrior
 14965 | D:11     | Killed a centaur warrior
 14966 | D:11     | Reached XP level 12. HP: 75/75 MP: 5/23
 14978 | D:11     | Reached skill level 5 in Dodging
 15054 | D:11     | Found a runed translucent gate.
 15055 | D:11     | Found a runed translucent gate.
 15055 | D:11     | Noticed a nine-headed hydra
 15056 | D:11     | Found a runed translucent gate.
 15158 | D:11     | Noticed ciphuk's ghost (journeyman TeHu)
 15616 | Lair:1   | Entered Level 1 of the Lair of Beasts
 16063 | Lair:1   | Found a glowing golden altar of the Shining One.
 16631 | Lair:2   | Noticed a five-headed hydra
 16647 | Lair:2   | Found a dark tunnel.
 16651 | Volcano  | Entered a volcano
 16690 | Volcano  | Noticed a centaur warrior
 16693 | Volcano  | Found a bloodstained altar of Trog.
 16695 | Volcano  | Killed a centaur warrior
 16696 | Volcano  | Reached skill level 11 in Earth Magic
 16742 | Volcano  | Noticed a red draconian
 16830 | Volcano  | Killed a red draconian
 16916 | Lair:2   | Killed a five-headed hydra
 17078 | Lair:2   | Noticed a four-headed hydra
 17108 | Lair:2   | Killed a four-headed hydra
 17159 | Lair:2   | Noticed an eight-headed hydra
 17167 | Lair:2   | Killed an eight-headed hydra
 17318 | Lair:2   | Reached skill level 10 in Conjurations
 17527 | Lair:2   | Reached skill level 10 in Fighting
 17545 | Lair:2   | Noticed a six-headed hydra
 17574 | Lair:2   | Killed a six-headed hydra
 17575 | Lair:2   | Reached XP level 13. HP: 69/82 MP: 17/25
 18015 | Lair:3   | Reached skill level 12 in Earth Magic
 18101 | Lair:3   | Found a staircase to the Swamp.
 18415 | Lair:3   | Found a hole to the Spider Nest.
 18444 | Lair:3   | Got Sif Muna's Disquisition on Battle Magic
 18455 | Lair:3   | Learned a level 5 spell: Iskenderun's Battlesphere
 19697 | Lair:4   | Identified the +4 war axe of Drought {speed, Fly}
 20135 | Lair:5   | Gained mutation: Your large and strong wings let you fly.
                  | [Gargoyle growth]
 20135 | Lair:5   | Reached XP level 14. HP: 36/90 MP: 13/27
 20528 | Lair:5   | Reached skill level 13 in Earth Magic
 20860 | Lair:6   | Entered Level 6 of the Lair of Beasts
 21064 | Lair:6   | Reached skill level 10 in Spellcasting
 21579 | Lair:6   | Found a viscous altar of Jiyva.
 21579 | Lair:6   | Found a staircase to the Slime Pits.
 22440 | Lair:6   | Identified the -1 pair of gloves "Xanekk" {Fly Int+4
                  | Stlth+}
 22636 | Lair:6   | HP: 3/92 [seven-headed hydra (11)]
 22636 | Lair:6   | Slain by a seven-headed hydra

Illustrated notes

Levels and vault maps discovered:
D:1:      tarquinn_simple_flora_water_b, layout_loops_corners, serial_shops,
          shop
D:2:      layout_loops_ring, ebering_ecumenical_altar_sacrificial,
          minmay_misc_feat_chi, minmay_randomly_rotated_circles
D:3:      layout_rooms
D:4:      layout_loops_ring, nicolae_overflow_hallway_of_the_gods, uniq_natasha,
          uniq_blork_the_orc
D:5:      layout_basic, enter_ossuary_1, chequers_jeans, interstate_on_off,
          nicolae_alphabet_shops
D:6:      layout_rooms, amethyst_overflow_temple_binary,
          minmay_temple_entry_glass, minmay_statues_item, uniq_sigmund,
          uniq_edmund, uniq_menkaure
D:7:      layout_basic, pdpol_temple_overflow_zin_treasury_gozag_greed,
          jmf_multi_god_temple2, st_stairs_7, nicolae_elevator_lobby_plus
D:8:      minmay_cut_squares, layout_basic, slow_altar_2, serial_shops,
          nicolae_shop_window_shopping
D:9:      layout_rooms, serial_shops, nicolae_shop_waterfront
D:10:     layout_grid_maze, trog_three_pillars_becter,
          kennysheep_orc_monster_closet_entryway,
          minmay_shop_enchanted_jewellery
D:11:     layout_basic, dpeg_oklobed_lair, gammafunk_ghost_hydra_chop
Temple:   chequers_temple_sunken
Lair:1:   layout_roguey, minivault_24, small_statue_intersection, st_stairs_4,
          lemuel_altar_in_water2, infiniplex_staircase_pool_2,
          lemuel_fruit_tree, serial_bayou_shore_b
Lair:2:   layout_loops_ring, enter_volcano_3
Lair:3:   layout_gridlike, palyth_hydra_swamp_entry,
          hellmonk_spider_entry_life_and_decay, serial_bayou_crossing
Lair:4:   layout_misc_corridors
Lair:5:   layout_misc_corridors
Lair:6:   hellmonk_lair_end_abyssal_woods, layout_misc_corridors, slime_altar_1

Skill      XL: |  1  2  3  4  5  6  7  8  9 10 11 12 13 14 |
---------------+-------------------------------------------+-----
Conjurations   | 1 2 3 4 6 7 8 10 11 12 | 12.1
Earth Magic    | 4 5 6 7 8 9 10 11 12 13 | 13.8
Fighting       | 1 2 3 4 6 7 8 10 11 12 | 12.1
Armour         | 1 2 3 4 5 6 7 8 |  8.4
Stealth        | 3 4 5 6 7 8 9 |  9.8
Spellcasting   | 3 4 5 6 7 8 9 10 | 10.4
Dodging        | 2 3 4 5 6 |  6.7
Transmutations | |  0.7

Action                   |  1- 3 |  4- 6 |  7- 9 | 10-12 | 13-15 || total
-------------------------+-------+-------+-------+-------+-------++-------
Melee: Unarmed           |     7 |       |       |       |       ||     7
       Dagger            |     9 |       |       |       |       ||     9
       Short sword       |    17 |    40 |       |       |       ||    57
       Hand axe          |       |    10 |   170 |     2 |       ||   182
       Punch             |       |     1 |     3 |     2 |     3 ||     9
       Rapier            |       |       |       |    83 |   125 ||   208
 Cast: Sandblast         |    48 |    58 |    36 |    19 |    22 ||   183
       Stone Arrow       |       |    14 |   102 |   296 |   341 ||   753
       Lee's Rapid Decon |       |       |       |    16 |       ||    16
       Iskenderun's Batt |       |       |       |       |    30 ||    30
Evoke: Wand              |       |       |       |    12 |       ||    12
  Use: Scroll            |       |     6 |     9 |    11 |       ||    26
       Potion            |       |       |       |     8 |       ||     8
 Stab: Sleeping          |     2 |     4 |     2 |     1 |       ||     9
       Paralysed         |       |       |       |     2 |       ||     2
Armor: Robe              |    23 |    35 |   129 |    83 |       ||   270
       Scale mail        |       |       |       |   124 |   301 ||   425
Dodge: Dodged            |    31 |    45 |   150 |   189 |   229 ||   644
